 Dungeon Crawl Stone Soup version 0.31-a0-208-gdb31a4691d (webtiles) character file.

Game seed: 505765671382858638

116 innerfire43 the Trooper (level 4, -1/38 HPs)
             Began as a Demonspawn Monk on June 28, 2023.
             Slain by an orc priest
             ... wielding a +0 short sword
              (4 damage)
             ... on level 3 of the Dungeon.
             The game lasted 00:01:30 (2403 turns).

innerfire43 the Trooper (Demonspawn Monk)           Turns: 2403, Time: 00:01:31

Health: -1/38      AC:  2    Str: 13    XL:     4   Next: 69%
Magic:  4/4        EV: 12    Int: 12    God:
Gold:   150        SH:  0    Dex: 15    Spells: 3/3 levels left

rFire   . . .        a - +0 hand axe
rCold   . . .        d - orb {light}
rNeg    . . .        b - +0 robe
rPois   .            (no helmet)
rElec   .            (no cloak)
rCorr   .            (no gloves)
SInv    .            (no boots)
Will    .....        (no amulet)
Stlth   +            (no ring)
HPRegen 0.26/turn    (no ring)
MPRegen 0.09/turn

%: no passive effects
@: glowing
A: spiny 2
a: no special abilities


You were on level 3 of the Dungeon.
You visited 1 branch of the dungeon, and saw 3 of its levels.

You collected 150 gold pieces.

Inventory:

Hand Weapons
 a - a +0 hand axe (weapon)
Armour
 b - a +0 robe (worn)
 d - an orb of light (worn)
Scrolls
 g - a scroll of vulnerability {unknown}
 h - 3 scrolls of noise
 i - a scroll of torment {unknown}
 j - a scroll of enchant weapon {unknown}
 k - 3 scrolls of amnesia {unknown}
 l - 2 scrolls of blinking {unknown}
 m - 4 scrolls of identify {unknown}
 o - a scroll of fear {unknown}
 p - a scroll of immolation {unknown}
 q - a scroll of poison {unknown}
Potions
 e - a potion of heal wounds {unknown}
 f - a potion of curing {unknown}
 n - a potion of lignification {unknown}


   Skills:
 * Level 4.4 Fighting
 * Level 4.0 Axes
 - Level 2.6 Dodging


You had 3 spell levels left.
You didn't know any spells.
Your spell library was empty.

Dungeon Overview and Level Annotations

Branches:
Dungeon (3/15)

Altars:
Fedhas
Uskayaw


Innate Abilities, Weirdness & Mutations

You are mostly covered in sharp spines.


Message History

Beogh smites you!
The orc wizard hits you with a +0 dagger.
You barely miss the orc wizard.
The orc wizard is heavily wounded.
The orc priest mumbles some strange prayers to Beogh against you.
Beogh smites you!
* * * LOW HITPOINT WARNING * * *
You hit the orc but do no damage. The orc barely misses you.
Unknown command.
You are confused.
You feel invigorated. The orc is struck by your spines.
The orc hits you with a +0 dagger.
* * * LOW HITPOINT WARNING * * *
You hit the orc.
The orc is heavily wounded.
You bump into the rock wall.
You feel less invigorated.
You feel less confused.
The orc priest invokes the aid of Beogh against you.
Beogh smites you!
* * * LOW HITPOINT WARNING * * *
The orc is struck by your spines. The orc hits you with a +0 dagger.
* * * LOW HITPOINT WARNING * * *
You hit the orc but do no damage. You hit the orc.
You kill the orc!
You hit the orc wizard.
The orc wizard is almost dead.
You hit the orc but do no damage. The orc is struck by your spines.
The orc misses you.
The orc wizard is struck by your spines.
You kill the orc wizard!
Your Axes skill increases to level 4!
The orc priest closely misses you. The orc hits you with a +0 club.
* * * LOW HITPOINT WARNING * * *
Items here: )) [[ †.
You hit the orc priest.
The orc priest is lightly wounded.
You hit the orc.
The orc priest is struck by your spines.
The orc priest hits you with a +0 short sword.
You die...

.# #..#.. .#
#..#...
.#####).#._.#
.#......#....#####
.#.####.#..8.....#
.#. #.##..._...#
.#.####.# #..o...#
........# ### #o#
####.##.# #.###@#
#..#.## #...o.#
##....###.#####
###....#.#
#..#...# ##.###.#
#.###.# #..##.#
##..#.#


You could see an orc priest and an orc.

Vanquished Creatures
  An orc wizard (D:3)
  4 adders
  2 worms (D:2)
  2 dart slugs (D:2)
  2 orcs (D:3)
  4 endoplasms
  2 giant cockroaches
  3 goblins
  2 hobgoblins (D:2)
  2 quokkas
  3 ball pythons (D:2)
  6 bats
  6 frilled lizards
  4 kobolds
  5 rats
48 creatures vanquished.

Notes
Turn   | Place    | Note
-------+----------+-------------------------------------------
     0 | D:1      | innerfire43 the Demonspawn Monk began the quest for the
                  | Orb.
     0 | D:1      | Reached XP level 1. HP: 18/18 MP: 1/1
   304 | D:1      | Found a faded altar of an unknown god.
   357 | D:1      | Gained mutation: You are partially covered in sharp spines.
                  | [demonic ancestry]
   357 | D:1      | Reached XP level 2. HP: 24/24 MP: 2/2
  1150 | D:2      | Reached XP level 3. HP: 21/29 MP: 3/3
  2273 | D:3      | Gained mutation: You are mostly covered in sharp spines.
                  | [demonic ancestry]
  2273 | D:3      | Reached XP level 4. HP: 31/37 MP: 4/4
  2381 | D:3      | Found a blossoming altar of Fedhas.
  2381 | D:3      | Found a hide-covered altar of Uskayaw.
  2394 | D:3      | HP: 1/37 [orc priest/divine providence (15)]
  2403 | D:3      | Slain by an orc priest

Illustrated notes

Levels and vault maps discovered:
D:1:      heliophobic_arrival_enchanted_forest, layout_loops_corners,
          shapermc_ecumenical_altar_gd, chequers_serial_rivers_small_b,
          hangedman_glass_teeth
D:2:      layout_basic, minmay_misc_feat_hallway, nicolae_hexahallways,
          reono_crystal_passage
D:3:      layout_basic, nicolae_overflow_hallway_of_the_gods

Skill      XL: |  1  2  3  4 |
---------------+-------------+-----
Axes           | 3 4 |  4.0
Fighting       | 4 |  4.4
Dodging        | |  2.6

Action                     |  1- 3 |  4- 6 || total
---------------------------+-------+-------++-------
  Melee: Hand axe          |    91 |    19 ||   110
    Use: Scroll            |       |     1 ||     1
         Potion            |       |     1 ||     1
 Armour: Robe              |    12 |     3 ||    15
  Dodge: Dodged            |    40 |     9 ||    49

Table legend: (Time is in decaauts)
 A = Elapsed time spent in this place.
 B = Non-inter-level travel time spent in this place.
 C = Inter-level travel time spent in this place.
 D = Time resting spent in this place.
 E = Time spent auto-exploring this place.
 F = Levels seen in this place.
 G = Mean time per level.
                   A        B        C        D        E       F      G
               +--------+--------+--------+--------+--------+-----+--------+
         Total |   2418 |   2337 |     81 |      0 |   2065 |   3 |  806.0 |
       Dungeon |   2418 |   2337 |     81 |      0 |   2065 |   3 |  806.0 |
               +--------+--------+--------+--------+--------+-----+--------+

Top non-repeatable levels by time:
     D:2: 1292 daAuts
     D:1: 989 daAuts
     D:3: 136 daAuts
